 Dungeon Crawl Stone Soup version 0.30.2 (webtiles) character file.

Game seed: 12060435485701697949

278 porpoise the Shooter (level 6, -9/42 HPs)
             Began as a Human Hunter on Mar 9, 2024.
             Was a Follower of Hepliaklqana.
             Killed by divine providence
             ... invoked by an orc priest
              (17 damage)
             ... on level 4 of the Dungeon.
             The game lasted 00:09:42 (2122 turns).

porpoise the Shooter (Human Hunter)                 Turns: 2122, Time: 00:09:44

Health: -9/42      AC:  5    Str: 11    XL:     6   Next: 51%
Magic:  6/6        EV: 12    Int:  9    God:    Hepliaklqana [*.....]
Gold:   152        SH:  0    Dex: 19    Spells: 5/5 levels left

rFire   . . .        a - +0 shortbow
rCold   . . .        (shield currently unavailable)
rNeg    . . .        c - +0 leather armour
rPois   .            x - +0 helmet
rElec   .            i - +0 cloak
rCorr   +            (no gloves)
SInv    .            (no boots)
Will    .....        (no amulet)
Stlth   ++           h - ring of resist corrosion
HPRegen 0.27/turn    (no ring)
MPRegen 0.10/turn

%: no passive effects
@: no status effects
A: reduced essence
a: Renounce Religion, Recall Ancestor, Ancestor Identity


You were on level 4 of the Dungeon.
You worshipped Hepliaklqana.
Hepliaklqana was aware of your devotion.
You visited 1 branch of the dungeon, and saw 6 of its levels.

You collected 152 gold pieces.

Inventory:

Hand Weapons
 a - a +0 shortbow (weapon)
Missiles
 d - 4 poisoned darts
 e - 4 atropa-tipped darts
 l - 6 boomerangs
Armour
 c - a +0 leather armour (worn)
 i - a +0 cloak (worn)
 o - a +0 ring mail
 x - a +0 helmet (worn)
Magical Staves
 y - the staff of earth "Majy" {rPois rN+ Dex+2}
   (You found it on level 5 of the Dungeon)

   [staff of earth]

   Base accuracy: +5 Base damage: 5 Base attack delay: 1.2 This weapon's minimum
   attack delay (0.6) is reached at skill level 12.
   Dex:       It affects your dexterity (+2).
   rPois:     It protects you from poison.
   rN:        It protects you from negative energy.
   It falls into the 'Staves' category.
   It is a one-handed weapon.
Jewellery
 h - a ring of resist corrosion (left hand)
 p - a +6 ring of intelligence
Scrolls
 b - a scroll of immolation
 g - a scroll of fog {unknown}
 n - 5 scrolls of teleportation {unknown}
 q - a scroll of blinking {unknown}
 t - a scroll of identify {unknown}
Potions
 f - 3 potions of lignification {unknown}
 j - 2 potions of might {unknown}
 k - 2 potions of mutation {unknown}
 m - a potion of ambrosia {unknown}
 r - a potion of flight {unknown}
 s - a potion of haste {unknown}
 u - 2 potions of berserk rage {unknown}
 v - a potion of degeneration {unknown}
 w - a potion of attraction {unknown}


   Skills:
 + Level 3.5 Fighting
 * Level 5.9 Ranged Weapons
 - Level 2.0 Dodging
 + Level 3.3 Stealth


You had 5 spell levels left.
You didn't know any spells.
Your spell library contained the following spells:

 Spells                   Type           Power      Damage    Failure   Level
 Slow                     Hex            0%         N/A       47%         1
 Scorch                   Fire           0%         2d5       63%         2
 Confusing Touch          Hex            0%         N/A       85%         3
 Gell's Gravitas          Tloc           0%         N/A       85%         3
 Teleport Other           Tloc           0%         N/A       85%         3
 Vampiric Draining        Necr           0%         2d6       85%         3
 Flame Wave               Conj/Fire      0%         2d4       99%         4
 Dispersal                Tloc           0%         N/A       100%        6
 Summon Cactus Giant      Summ           0%         N/A       100%        6


Dungeon Overview and Level Annotations

Branches:
Dungeon (6/15)
 Temple: D:4-7

Altars:
Hepliaklqana

Shops:
D:2 [   D:6 [


Message History

The arrow hits the orc priest but does no damage.
The orc priest is moderately wounded.
The orc priest barely misses Nikki.
Nikki hits the orc priest.
Fire: a) +0 shortbow
Press: ? - help, Q - select action, (/) - cycle Shift-Dir - straight line, f/p - orc priest
Aim: an orc priest, wielding a +0 short sword of freezing and wearing a +1 leather armour of fire resistance (severely wounded, not watching you, ally target, 64% to hit)
You shoot an arrow. Nikki avoids your attack.
The arrow hits the orc priest but does no damage.
The orc priest is severely wounded.
The orc priest barely misses Nikki.
Nikki hits the orc priest.
The orc priest hits Nikki with a +0 short sword of freezing.
The orc priest freezes Nikki.
Fire: a) +0 shortbow
Press: ? - help, Q - select action, (/) - cycle Shift-Dir - straight line, f/p - orc priest
Aim: an orc priest, wielding a +0 short sword of freezing and wearing a +1 leather armour of fire resistance (severely wounded, not watching you, ally target, 64% to hit)
You shoot an arrow. Nikki avoids your attack.
The arrow hits the orc priest but does no damage.
The orc priest is severely wounded.
Nikki hits the orc priest.
The orc priest hits Nikki with a +0 short sword of freezing.
Nikki barely misses the orc priest.
Fire: a) +0 shortbow
Press: ? - help, Q - select action, (/) - cycle Shift-Dir - straight line, f/p - orc priest
Aim: an orc priest, wielding a +0 short sword of freezing and wearing a +1 leather armour of fire resistance (severely wounded, not watching you, ally target, 64% to hit)
You shoot an arrow. Nikki avoids your attack.
The arrow hits the orc priest but does no damage.
The orc priest is severely wounded.
The orc priest casts a cantrip, but nothing happens.
Nikki barely misses the orc priest.
Fire: a) +0 shortbow
Press: ? - help, Q - select action, (/) - cycle Shift-Dir - straight line, f/p - orc priest
Aim: an orc priest, wielding a +0 short sword of freezing and wearing a +1 leather armour of fire resistance (severely wounded, ally target, 64% to hit)
You shoot an arrow. Nikki avoids your attack.
The arrow hits the orc priest but does no damage.
The orc priest is severely wounded.
The orc priest begins to cast a cantrip, but forgets the words!
Nikki barely misses the orc priest.
The orc priest calls down the wrath of Beogh upon you.
Beogh smites you!
You die...

.####################.#
.......................
###............##.######
....####..........).....
...†.....#####....#.....
.......[..####.####.####
......###>..............
:............###########
......)@.....#
.###.##R#.##.# # #o#.#
.# )...# # .#.#.#
....#.. o# #.#.## ..
#...# #. ..#


You could see the friendly Nikki the ancestor and an orc priest (ally target).

Vanquished Creatures
  2 scorpions (D:6)
  A hound (D:6)
  An orc wizard (D:6)
  An iguana (D:4)
  2 worms
  8 orcs
  2 endoplasms
  A giant cockroach (D:4)
  3 goblins
  3 hobgoblins (D:1)
  A kobold (D:2)
  A quokka (D:2)
  3 ball pythons
  3 frilled lizards
  3 rats (D:1)
35 creatures vanquished.

Vanquished Creatures (collateral kills)
  A hound (D:4)
  An adder (D:4)
  A ball python (D:4)
3 creatures vanquished.

Grand Total: 38 creatures vanquished

Notes
Turn   | Place    | Note
-------+----------+-------------------------------------------
     0 | D:1      | porpoise the Human Hunter began the quest for the Orb.
     0 | D:1      | Reached XP level 1. HP: 16/16 MP: 1/1
    80 | D:1      | Reached XP level 2. HP: 22/22 MP: 2/2
   565 | D:2      | Found Goarepea's Armour Emporium.
  1292 | D:3      | Reached XP level 3. HP: 27/27 MP: 3/3
  1321 | D:3      | Found a hazy altar of Hepliaklqana.
  1333 | D:3      | Became a worshipper of Hepliaklqana the Forgotten
  1344 | D:3      | You fall into a shaft and drop 3 floors!
  1369 | D:6      | Noticed a scorpion
  1371 | D:6      | Reached XP level 4. HP: 31/34 MP: 4/4
  1383 | D:6      | Killed a scorpion
  1384 | D:6      | Reached skill level 5 in Ranged Weapons
  1384 | D:6      | Reached XP level 5. HP: 15/41 MP: 5/5
  1583 | D:6      | Reached XP level 6. HP: 31/47 MP: 6/6
  1750 | D:6      | Found Perseus's Dragon-Slaying Spoils.
  1841 | D:6      | Noticed an ogre
  1904 | D:5      | Entered Level 5 of the Dungeon
  1929 | D:5      | Identified the staff of earth "Majy" {rPois rN+ Dex+2}
  2059 | D:4      | Reached * piety under Hepliaklqana
  2122 | D:4      | Killed from afar by an orc priest

Illustrated notes

Levels and vault maps discovered:
D:1:      lordsloth_arrival_two_stooges, layout_basic
D:2:      layout_basic, serial_shops, nicolae_shop_scrapyard
D:3:      layout_rooms, mainiacjoe_overflow_catch_the_wave, serial_forest,
          infiniplex_forest_clump_double, infiniplex_forest_lined_room_2,
          infiniplex_forest_clump_curved, infiniplex_forest_straight_3,
          infiniplex_forest_lined_corner, infiniplex_forest_lined_1,
          infiniplex_forest_lined_2, roderic_roman_lattice, minmay_starry_boxes
D:4:      layout_rooms, minmay_temple_entry_purple_smoke, minmay_diced_spiral,
          uniq_menkaure
D:5:      layout_basic, mainiacjoe_overflow_surrounded_room,
          gammafunk_temple_overflow_claw, nicolae_shop_overcharged_wands
D:6:      layout_loops_corners, serial_glass, glass_columns_c, glass_columns_b,
          nicolae_shop_dragon_depot

Skill      XL: |  1  2  3  4  5 |
---------------+----------------+-----
Stealth        | 2 3 |  3.3
Fighting       | 3 |  3.5
Ranged Weapons | 5 |  5.9
Dodging        | |  2.0

Action                     |  1- 3 |  4- 6 || total
---------------------------+-------+-------++-------
   Fire: Shortbow          |    53 |    81 ||   134
 Invoke: Ancestor Identity |       |     1 ||     1
 Armour: Ring mail         |     1 |       ||     1
         Leather armour    |     2 |    10 ||    12
  Dodge: Dodged            |     8 |    30 ||    38
